Map: Terrasses de Prion

Players

Heisenberg - Winner!

  • Race: Zerg Zerg
  • League: Diamond

WespeWilly

  • Race: Protoss Protoss
  • League: Platinum

VOD

Have the link to the VOD?

Description

Time

  • Played on: March 16, 2016, 8:10 p.m.
  • Length: 4:54
Show
View Real Time Build Order
Export as new Build Order

Heisenberg Zerg - Winner!

Build Orders: Hatch First 

Get SALT Encoding   

  12  0:00  Drone  
  13  0:12  Overlord  
  13  0:17  Drone  
  14  0:31  Drone x2  
  14  0:34  Drone  
  17  0:45  Drone  
  18  0:56  Hatchery  
  17  0:59  Drone  
  17  1:00  Extractor  
  17  1:14  Spawning Pool  
  17  1:18  Drone  
  17  1:19  Drone  
  18  1:29  Drone  
  19  1:39  Overlord  
  19  2:01  Queen  
  19  2:04  Zergling x4  
  23  2:10  Drone  
  23  2:11  Queen  
  23  2:14  Metabolic Boost  
  26  2:19  Evolution Chamber  
  25  2:28  Drone  
  26  2:30  Zergling x4  
  28  2:39  Zergling x4  
  30  2:48  Zergling x4  
  32  2:59  Zergling x2  
  32  3:00  Zergling x2  
  34  3:10  Zergling x4  
  34  3:12  Overlord  
  36  3:19  Overlord  
  36  3:32  Overlord  
  36  3:34  Zergling x12  
  37  4:10  Zergling x2  
  37  4:13  Zergling x14  
  41  4:19  Zergling x2  
  41  4:32  Zergling x2  
  41  4:33  Zergling x4  
Show
View Real Time Build Order
Export as new Build Order

WespeWilly Protoss 

Build Orders: 1 Gate Expand 

Get SALT Encoding   

  12  0:01  Probe (Chrono Boost)  
  13  0:12  Probe (Chrono Boost)  
  14  0:19  Pylon  
  14  0:22  Probe (Chrono Boost)  
  15  0:37  Probe (Chrono Boost)  
  15  0:38  Gateway  
  16  0:48  Probe (Chrono Boost)  
  17  0:51  Assimilator  
  17  0:58  Probe (Chrono Boost)  
  18  1:09  Probe (Chrono Boost)  
  19  1:25  Nexus  
  19  1:30  Probe (Chrono Boost)  
  20  1:37  Cybernetics Core  
  20  1:41  Probe (Chrono Boost)  
  21  1:49  Pylon  
  21  1:52  Probe (Chrono Boost)  
  22  1:58  Assimilator  
  22  2:03  Probe (Chrono Boost)  
  22  2:08  Zealot  
  25  2:16  Probe (Chrono Boost)  
  26  2:27  Mothership Core (Chrono Boost)  
  28  2:31  Gateway  
  28  2:36  Warp Gate  
  28  2:40  Probe (Chrono Boost)  
  29  2:46  Probe (Chrono Boost)  
  29  2:50  Probe (Chrono Boost)  
  31  2:57  Stalker (Chrono Boost), Probe (Chrono Boost)  
  34  2:59  Probe  
  35  3:07  Pylon  
  35  3:11  Probe  
  34  3:13  Probe  
  36  3:21  Robotics Facility  
  36  3:24  Pylon  
  36  3:26  Probe  
  36  3:27  Probe  
  38  3:37  Probe  
  38  3:40  Probe  
  39  3:47  Probe  
  34  3:58  Stalker (Chrono Boost)  
  20  4:28  Gateway  
  20  4:29  Gateway  
  20  4:31  Gateway  
Tags
 
Add a new tag
Caveats
  • Supply blocks, unpowered buildings, or Contaminate may cause inaccurate times.
  • Supply counts are checked every 10 seconds.